 Dungeon Crawl Stone Soup version 0.19.5 (webtiles) character file.

1533 IcyNumb the Cleaver (level 8, -8/70 HPs)
             Began as a Hill Orc Fighter on May 20, 2017.
             Was a Follower of Trog.
             Mangled by a gnoll sergeant
             ... wielding a +0 spear of distortion
              (9 damage)
             ... on level 6 of the Dungeon.
             The game lasted 00:54:17 (6731 turns).

IcyNumb the Cleaver (Hill Orc Fighter)              Turns: 6731, Time: 00:54:18

Health: -8/70      AC: 10    Str: 21    XL:     8   Next: 85%
Magic:  8/8        EV:  6    Int:  8    God:    Trog [*.....]
Gold:   183        SH: 10    Dex: 10    Spells: 0 memorised, 7 levels left

rFire  . . .     SeeInvis .     a - +0 war axe
rCold  . . .     Gourm    .     p - +0 chain mail
rNeg   . . .     Faith    .     c - +0 shield
rPois  +         Spirit   .     (no helmet)
rElec  .         Reflect  .     (no cloak)
rCorr  .         Harm     .     (no gloves)
MR     .....                    (no boots)
Stlth  ..........               (no amulet)
                                o - ring of poison resistance
                                q - ring of loudness (curse)

@: no status effects
A: no striking features
a: Berserk, Burn Spellbooks, Renounce Religion


You were on level 6 of the Dungeon.
You worshipped Trog.
Trog was aware of your devotion.
You were hungry.

You visited 1 branch of the dungeon, and saw 6 of its levels.

You collected 183 gold pieces.

Inventory:

Hand Weapons
 a - a +0 war axe (weapon)
Armour
 c - a +0 shield (worn)
 p - a +0 chain mail (worn)
Jewellery
 j - an uncursed ring of magical power
 o - a ring of poison resistance (right hand)
 q - a cursed ring of loudness (left hand)
Wands
 r - a wand of slowing (43/48)
Scrolls
 b - a scroll of amnesia {unknown}
 e - 2 scrolls of magic mapping
 h - a scroll of teleportation
 m - 4 scrolls of identify
Potions
 d - 2 potions of might
 l - a potion of resistance
Comestibles
 f - 6 bread rations
 g - 6 fruits
 i - 3 meat rations
 k - a slice of pizza
 n - a beef jerky


   Skills:
 + Level 6.1 Fighting
 * Level 10.5 Axes
 + Level 5.5 Armour
 - Level 0.2 Dodging
 + Level 5.7 Shields


You had 7 spell levels left.
You didn't know any spells.

Dungeon Overview and Level Annotations

Branches:
Dungeon (6/15)             Temple (0/1) D:5

Altars:
Dithmenos
Trog

Shops:
D:5 %


Message History

The howler monkey hits you but does no damage.
You block the gnoll's attack.
You closely miss the howler monkey. You closely miss the gnoll.
You hit the gnoll sergeant but do no damage.
The gnoll sergeant hits you but does no damage.
Space warps horribly around you!
* * * LOW HITPOINT WARNING * * *
The howler monkey hoots and howls with incredible vigour!
The gnoll hits you with an enchanted spear.
* * * LOW HITPOINT WARNING * * *
You barely miss the howler monkey. You slash the gnoll!
You hit the gnoll sergeant. You block the howler monkey's attack.
You block the gnoll sergeant's attack.
The gnoll hits you with an enchanted spear.
* * * LOW HITPOINT WARNING * * *
The howler monkey hits you but does no damage.
The gnoll sergeant hits you with a spear of distortion!
* * * LOW HITPOINT WARNING * * *
Space warps horribly around you!
You die...

#..............
#####......##'##
+...........
#########...........
#...................
#...................
#...........g.......
#.........##gg......
#...[.....##@##.....
############h# .#..
#.....# #.##..# #.
#..# #. .... .. ....
.# ... .# _..


You could see a gnoll sergeant, a howler monkey and 2 gnolls.

Vanquished Creatures
  Menkaure (D:4)
  Edmund (D:5)
  A sky beast (D:5)
  3 ogres
  A centaur (D:5)
  A bullfrog (D:4)
  A water moccasin skeleton (D:5)
  A howler monkey (D:4)
  A crimson imp (D:5)
  A hound (D:4)
  2 jellies (D:5)
  4 orc priests
  A centaur skeleton (D:4)
  Jessica (D:2)
  2 worker ants
  2 orc wizards (D:5)
  A hound skeleton (D:5)
  10 adders
  7 gnolls
  A shadow imp (D:5)
  An adder skeleton (D:5)
  2 worms
  3 dart slugs
  7 leopard geckos
  13 orcs
  3 giant cockroaches
  7 goblins
  12 hobgoblins
  7 jackals
  10 kobolds
  4 quokkas
  6 ball pythons
  10 bats
  3 frilled lizards
  A jackal skeleton (D:5)
  A quokka zombie (D:5)
  15 rats
148 creatures vanquished.

Notes
Turn   | Place    | Note
-------+----------+-------------------------------------------
     0 | D:1      | IcyNumb the Hill Orc Fighter began the quest for the Orb.
     0 | D:1      | Reached XP level 1. HP: 19/19 MP: 1/1
    84 | D:1      | Reached XP level 2. HP: 26/27 MP: 2/2
   232 | D:1      | Reached skill level 3 in Axes
   481 | D:1      | Reached XP level 3. HP: 30/33 MP: 3/3
   904 | D:2      | Reached skill level 4 in Axes
  1172 | D:2      | Reached XP level 4. HP: 40/40 MP: 4/4
  1220 | D:2      | Noticed Jessica
  1229 | D:2      | Killed Jessica
  1229 | D:2      | Reached skill level 5 in Axes
  1529 | D:2      | Reached skill level 6 in Axes
  1529 | D:2      | Reached XP level 5. HP: 46/46 MP: 5/5
  2196 | D:2      | Reached skill level 7 in Axes
  2543 | D:3      | Reached XP level 6. HP: 42/52 MP: 6/6
  3506 | D:4      | Reached skill level 8 in Axes
  3506 | D:4      | Reached XP level 7. HP: 45/60 MP: 7/7
  3749 | D:4      | Found a bloodstained altar of Trog.
  3781 | D:4      | Became a worshipper of Trog the Wrathful
  4237 | D:5      | Entered Level 5 of the Dungeon
  4474 | D:5      | Reached skill level 5 in Fighting
  4474 | D:5      | Reached skill level 9 in Axes
  4580 | D:5      | Found a staircase to the Ecumenical Temple.
  5099 | D:5      | Reached XP level 8. HP: 45/68 MP: 8/8
  5244 | D:5      | Reached skill level 5 in Shields
  5415 | D:5      | Noticed Menkaure
  5744 | D:4      | Killed Menkaure
  5744 | D:4      | Reached skill level 5 in Armour
  6126 | D:5      | Noticed Edmund
  6145 | D:5      | Killed Edmund
  6145 | D:5      | Reached skill level 10 in Axes
  6368 | D:5      | Found Sovvoo's Food Shoppe.
  6409 | D:5      | Reached * piety under Trog
  6721 | D:6      | Found a shadowy altar of Dithmenos.
  6731 | D:6      | HP: 1/70 [gnoll sergeant/spear of distortion (7)]
  6731 | D:6      | Mangled by a gnoll sergeant

Skill      XL: |  1  2  3  4  5  6  7  8 |
---------------+-------------------------+-----
Axes           | 3 4 6 7 8 9 10 | 10.5
Fighting       | 4 5 6 |  6.1
Armour         | 4 5 |  5.5
Shields        | 4 5 |  5.7
Dodging        | |  0.2

Action                   |  1- 3 |  4- 6 |  7- 9 || total
-------------------------+-------+-------+-------++-------
Melee: War axe           |   110 |   245 |   254 ||   609
Evoke: Wand              |       |       |     2 ||     2
  Use: Scroll            |       |       |     7 ||     7
       Potion            |       |       |     1 ||     1
  Eat: Chunk             |     1 |     8 |     9 ||    18
       Fruit             |       |       |     1 ||     1
Armor: Scale mail        |    37 |   109 |    29 ||   175
       Chain mail        |       |       |    63 ||    63
Dodge: Dodged            |    35 |    97 |    41 ||   173
Block: Shield            |    48 |   138 |    98 ||   284
